 Dungeon Crawl Stone Soup version 0.31-a0-360-gb3e1d13bf4 (webtiles) character file.

Game seed: 11162978211407675208

177 LeprechaunX the Ruffian (level 5, -4/35 HPs)
             Began as an Octopode Shapeshifter on July 26, 2023.
             Splashed by a jelly's acid (9 damage)
             ... on level 4 of the Dungeon.
             The game lasted 00:02:59 (3035 turns).

LeprechaunX the Ruffian (Octopode Shapeshifter)     Turns: 3035, Time: 00:03:00

Health: -4/35      AC: -7    Str: 17    XL:     5   Next: 57%
Magic:  5/5        EV: 13    Int: 16    God:
Gold:   231        SH:  0    Dex: 12    Spells: 4/4 levels left

rFire   . .          .
                       - Unarmed
rCold   . . .        (no shield)
rNeg    . . .        (helmet currently unavailable)
rPois   .            (no amulet)
rElec   .            h - +6 ring of intelligence
rCorr   .            (no ring)
SInv    .            (no ring)
Will    .....        (no ring)
Stlth   ++           (no ring)
HPRegen 0.25/turn    (no ring)
MPRegen 0.09/turn    (no ring)
                     (no ring)

%: no passive effects
@: beast-form, corroded
A: beast (slay +2), almost no armour, amphibious, 8 rings, camouflage 1,
gelatinous body 1, (nimble swimmer 1), tentacles
a: Begin Untransformation


You were on level 4 of the Dungeon.
You were a hulking beast.
You visited 1 branch of the dungeon, and saw 4 of its levels.

You collected 231 gold pieces.

Inventory:

Missiles
 f - 5 boomerangs (quivered)
 o - 6 javelins
Jewellery
 h - a +6 ring of intelligence (left tentacle)
 q - a ring of ice
Talismans
 b - a beast talisman
Scrolls
 e - 4 scrolls of identify {unknown}
 j - a scroll of revelation {unknown}
 k - a scroll of torment {unknown}
 m - 2 scrolls of fog {unknown}
 r - a scroll of blinking {unknown}
 s - a scroll of amnesia {unknown}
Potions
 a - 2 potions of lignification
 c - 2 potions of curing {unknown}
 d - a potion of resistance {unknown}
 g - a potion of berserk rage {unknown}
 i - a potion of attraction {unknown}
 l - 2 potions of degeneration {unknown}
 n - a potion of brilliance {unknown}
 p - a potion of heal wounds {unknown}


   Skills:
 + Level 2.3 Fighting
 + Level 3.0 Dodging
 * Level 4.5 Unarmed Combat
 + Level 3.5 Shapeshifting


You had 4 spell levels left.
You didn't know any spells.
Your spell library contained the following spells:

 Spells                   Type           Power      Damage    Failure   Level
 Magic Dart               Conj           0%         1d3       26%         1
 Call Imp                 Summ           0%         N/A       36%         2
 Mephitic Cloud           Conj/Pois/Air  0%         N/A       58%         3


Dungeon Overview and Level Annotations

Branches:
Dungeon (4/15)
 Temple: D:4-7

Altars:

Shops:
D:4 =

Annotations:
D:4 2 transporters, Triskal's ghost, novice NaWr


Innate Abilities, Weirdness & Mutations

You are a hulking beast.
Your limbs bulge with bestial killing power. (Slay +2)
You cannot wear most types of armour.
You are amphibious.
You can wear up to eight rings at the same time.
Your skin changes colour to match your surroundings (Stealth+).
Your rubbery body absorbs attacks. (AC +1, EV +1)
((You are camouflaged when in or above water. (Stealth+)))
You have tentacles for arms and can constrict up to eight enemies at once.


Message History

No target in view!
No target in view!
No target in view!
No target in view!
You see here a +0 dagger.
As you open the door, it creaks loudly!
A jelly comes into view.
The jelly quivers.
A jelly is nearby!
A jelly is nearby!
A jelly is nearby!
Found a scroll labelled YSIOROLOEBB.
There is an open door here.
The jelly hits you. The acid corrodes you!
You are splashed with acid!
You tentacle-slap the jelly.
Your tentacles burn!
The jelly is moderately wounded.
The jelly hits you. The acid corrodes you!
You are splashed with acid!
You are too injured to fight recklessly!
You are too injured to fight recklessly!
You are too injured to fight recklessly!
You are too injured to fight recklessly!
You are too injured to fight recklessly!
You are too injured to fight recklessly!
You are too injured to fight recklessly!
You are too injured to fight recklessly!
You are too injured to fight recklessly!
You are too injured to fight recklessly!
You are too injured to fight recklessly!
You are too injured to fight recklessly!
You are too injured to fight recklessly!
You are too injured to fight recklessly!
You tentacle-slap the jelly but do no damage.
Your tentacles burn!
* * * LOW HITPOINT WARNING * * *
The jelly is moderately wounded.
There is an open door here.
The jelly attacks as you move away! The jelly hits you.
* * * LOW HITPOINT WARNING * * *
You are splashed with acid!
You die...

..### ##########..## #....
....####### #............# #....
..........## #............#####.#
##.©.####..# #...........<##.....
#####..##.###............##.....
..5?.....#..##..)########.##.....
###=..##.##.##...#.?..# #.##.....
...#.....#.##...#....# #........
#..©..##..#.##..h#....# ###......
#..#..?.5.#.##..J#....#####......
.# .#...##.##...'....+....>.....
. #....#..##...#....#####......
### .#####.###...##########.#####
#©####.....# ##### #...#.#
.......##### #.#.#.##### ..######
#.........# .## ###.#.###.#


You could see a jelly.

Vanquished Creatures
  A sleepcap (D:4)
  4 gnolls (D:4)
  2 adders
  3 worms
  2 dart slugs
  8 orcs
  3 bats
  4 endoplasms
  A giant cockroach (D:4)
  13 goblins
  10 hobgoblins
  7 quokkas
  6 ball pythons
  A frilled lizard (D:2)
  3 kobolds
  4 rats
72 creatures vanquished.

Notes
Turn   | Place    | Note
-------+----------+-------------------------------------------
     0 | D:1      | LeprechaunX the Octopode Shapeshifter began the quest for
                  | the Orb.
     0 | D:1      | Reached XP level 1. HP: 13/13 MP: 1/1
   406 | D:2      | Reached XP level 2. HP: 18/18 MP: 2/2
   824 | D:2      | Reached XP level 3. HP: 16/23 MP: 3/3
  1511 | D:3      | Reached XP level 4. HP: 29/29 MP: 4/4
  1918 | D:4      | Found a transporter.
  1936 | D:4      | Reached skill level 4 in Unarmed Combat
  2059 | D:4      | Found a transporter.
  2063 | D:4      | Noticed Triskal's ghost (novice NaWr)
  2308 | D:4      | Reached XP level 5. HP: 28/34 MP: 5/5
  2467 | D:4      | Found Iphuu's Jewellery Shop.
  3035 | D:4      | Splashed by a jelly's acid

Illustrated notes

Levels and vault maps discovered:
D:1:      dpeg_arrival_long_road, layout_rooms
D:2:      cheibrodos_greedy_goblins, layout_loops_ring,
          kennysheep_pointless_box, kennysheep_cluttered_room,
          nicolae_concentric_dashed_squares_wild
D:3:      layout_rooms
D:4:      layout_basic, serial_shops, shop, gammafunk_ghost_stat_death

Skill      XL: |  1  2  3  4  5 |
---------------+----------------+-----
Fighting       | 2 |  2.3
Unarmed Combat | 4 |  4.5
Dodging        | 3 |  3.0
Shapeshifting  | |  3.5

Action                     |  1- 3 |  4- 6 || total
---------------------------+-------+-------++-------
  Melee: Unarmed           |    64 |    62 ||   126
         Tentacles         |    11 |    14 ||    25
         Constrict         |    16 |    16 ||    32
         Punch             |     3 |     2 ||     5
  Throw: Boomerang         |     1 |       ||     1
         Javelin           |       |     5 ||     5
   Stab: Sleeping          |     3 |     1 ||     4
 Armour: Skin              |     2 |     4 ||     6
  Dodge: Dodged            |    28 |    39 ||    67

Table legend: (Time is in decaauts)
 A = Elapsed time spent in this place.
 B = Non-inter-level travel time spent in this place.
 C = Inter-level travel time spent in this place.
 D = Time resting spent in this place.
 E = Time spent auto-exploring this place.
 F = Levels seen in this place.
 G = Mean time per level.
                   A        B        C        D        E       F      G
               +--------+--------+--------+--------+--------+-----+--------+
         Total |   3027 |   2943 |     84 |      0 |   2446 |   4 |  756.8 |
       Dungeon |   3027 |   2943 |     84 |      0 |   2446 |   4 |  756.8 |
               +--------+--------+--------+--------+--------+-----+--------+

Top non-repeatable levels by time:
     D:4: 1143 daAuts
     D:2: 1010 daAuts
     D:3: 473 daAuts
     D:1: 400 daAuts
